Match 46832961
Unlisted

Match 46832961
End
Royal Engineer Section
Selects Australian Defense Battlegroup
Selects Australian Light Infantry Section
Australian Light Infantry Section
Construct Section Command Post
Infantry Section
Infantry Section
Construct Platoon Command Post
Selects 2-pounder Anti-tank Gun Team
Humber Armored Car
2-pounder Anti-tank Gun Team
CMP 15cwt Truck
Australian Light Infantry Section
ML 3-inch Mortar Team
Construct Company Command Post
Australian Light Infantry Section
Crusader II Medium Tank
Australian Light Infantry Section
Unlock Bishop Self-propelled Artillery
Crusader II Medium Tank
Selects CMP 15cwt Supply Run
Selects Reinforced Resource Caches
Selects Archer Tank Destroyer
Royal Engineer Section
CMP 15cwt Truck
Archer Tank Destroyer
Royal Engineer Section
Royal Engineer Section
Australian Light Infantry Section
Archer Tank Destroyer
neil911
Yoru gmn.gg
Sad Pepe
gio_misro
0
0

Comments sign in to comment!

No comments posted yet!